Cogmind - Beta 15 @@@ ROGUE MODE // 2025.10.13 @ 23:51:05 Player: NQH Result: Destroyed by Y-45 Defender with Beam Rifle Performance ------------- Evolutions (1) 500 Regions Visited (2) 400 Robots Destroyed (18) 90 Value Destroyed (458) 458 Prototype IDs (1) 20 Alien Tech Used (0) 0 Bonus (0) 0 TOTAL SCORE: 1468 Bonus ------- None Cogmind --------- Core Integrity 0/400 Matter 285/300 Energy 240/240 System Corruption 1% Temperature Cool (9) Movement Core (300) Ox5 Location -9/Materials Parts ------- > --- POWER (1) -------- Nuclear Core > --- PROPULSION (4) --- (None) > --- UTILITY (2) ------ Small Storage Unit Light Armor Plating > --- WEAPON (2) ------- Mace > --- INVENTORY (8) ---- Reinforced Ion Engine Heavy Ion Engine Nuclear Core Light Nuclear Core Signal Interpreter Hardened Medium Armor Plating Hardened Medium Armor Plating Datajack Peak State ------------ > --- POWER ------------ Nuclear Core > --- PROPULSION ------- Aluminum Leg Aluminum Leg Aluminum Leg Improved Aluminum Leg > --- UTILITY ---------- Small Storage Unit Advanced Weight Redist. System > --- WEAPON ----------- Hammer > --- INVENTORY -------- Reinforced Ion Engine Heavy Ion Engine Nuclear Core Light Nuclear Core Signal Interpreter Hardened Medium Armor Plating Datajack [Rating: 14] Favorites ----------- Power Ion Engine Engine Ion Engine Power Core Nuclear Core Propulsion Aluminum Leg Leg Aluminum Leg Wheel Wheel Utility Small Storage Unit Device Advanced Weight Redist. System Storage Small Storage Unit Processor Transport Network Coupler Protection Light Armor Plating Weapon Light Assault Rifle Ballistic Gun Light Assault Rifle Launcher Grenade Launcher Impact Weapon Hammer Build | -11 -10 -9 ------- Run | Yrd Mat Mat Slots Evolved 2 | . . 2 Power . | . . . Propulsion 2 | . . 2 Utility . | . . . Weapon . | . . . Parts Attached 17 | 2 4 11 Power 4 | 1 . 3 Engine 3 | 1 . 2 Core 1 | . . 1 Reactor . | . . . Propulsion 5 | . 1 4 Treads . | . . . Leg 4 | . . 4 Wheel 1 | . 1 . Hover . | . . . Flight . | . . . Utility 4 | 1 1 2 Device 1 | . . 1 Storage 1 | 1 . . Processor 1 | . 1 . Hackware . | . . . Protection 1 | . . 1 Artifact . | . . . Weapon 4 | . 2 2 Energy Gun . | . . . Energy Cannon . | . . . Ballistic Gun 1 | . 1 . Ballistic Cannon . | . . . Launcher 1 | . 1 . Special Weapon . | . . . Impact Weapon 2 | . . 2 Slashing Weapon . | . . . Piercing Weapon . | . . . Special Melee Weapon . | . . . Unidentified Prototypes 1 | . . 1 Parts Lost 9 | . 2 7 Power 1 | . . 1 Propulsion 4 | . 1 3 Utility 1 | . . 1 Weapon 3 | . 1 2 Highest Loss Streak 5 | . 2 5 To Critical Strikes 1 | . . 1 Average Backups 4 | 1 3 6 Power 2 | . 1 3 Propulsion . | . . . Utility . | . . 1 Weapon . | . . . Tool/Special . | . . . Unused Backups 9 | . . 9 Power 3 | . . 3 Propulsion . | . . . Utility 3 | . . 3 Weapon . | . . . Tool/Special 3 | . . 3 Average Slot Usage (%) 55 | . 44 64 Engine 8 | . 14 4 Core 2 | . . 5 Leg 13 | . . 24 Device 1 | . . 3 Storage 12 | . 14 11 Processor 5 | . 3 6 Ballistic Gun 5 | . 9 2 Impact Weapon 3 | . . 7 Peak Build Rating 14 | 2 4 14 Average Rating 5 | 1 3 8 On Entrance 2 | . 2 4 Naked Turns . | . . . Heaviest Build 17 | 10 13 17 Greatest Support 52 | 3 10 52 Greatest Overweight (x) 5 | 3 4 5 Average Overweight (x) 1 | 2 2 . Largest Inventory Capacity 8 | 8 8 8 Average Capacity 7 | 7 8 8 Most Carried 8 | 2 5 8 Average Carried 4 | 1 3 6 Final Capacity 8 | 8 8 8 Final Carried 8 | 2 5 8 Class Distribution -------------------- 68% | Mutant 31% | Scavenger-Mutant Dominant Class ---------------- Mutant | -10/Materials Scavenger-Mutant | -9/Materials Resources | -11 -10 -9 ----------- Run | Yrd Mat Mat Matter Collected 444 | 218 142 84 Remotely . | . . . Salvage Created 664 | . 397 267 Parts 39 | . 24 15 Haulers Intercepted 1 | . 1 . Recyclers Shooed 2 | . 2 . Parts Field Recycled . | . . . Retrieved Matter . | . . . Parts Self-Destructed . | . . . Prevented . | . . . Kills | -11 -10 -9 ------- Run | Yrd Mat Mat Combat Hostiles Destroyed 10 | . 4 6 Melee 3 | . . 3 Guns 4 | . 2 2 AOE 2 | . 2 . Classes Destroyed 6 | . 4 2 Builder 5 | . 5 . Hauler 1 | . 1 . Recycler 2 | . 2 . Grunt 8 | . 4 4 Brawler 1 | . . 1 Sentry 1 | . . 1 Best Kill Streak 4 | . 4 2 Combat Bots Only 2 | . 2 2 Max Kills in Single Turn 2 | . 2 1 Gunslinging . | . . . Exploded 1 | . 1 . Melee 1 | . . 1 Uniques/NPCs Destroyed . | . . . Combat | -11 -10 -9 -------- Run | Yrd Mat Mat Hostile Shots Fired 128 | . 20 108 Missed 36 | . 3 33 Hits 92 | . 17 75 Melee 10 | . . 10 Projectile 82 | . 17 65 Critical Strikes 5 | . . 5 Damage Taken 1479 | . 311 1168 Core 562 | . 149 413 Absorbed by Shields . | . . . Core Remaining (%) 70 | 100 40 . Volleys Fired 116 | . 92 24 Largest 1 | . 1 1 Hottest 30 | . 30 20 Shots Fired 116 | . 92 24 Gun 114 | . 90 24 Cannon . | . . . Launcher 2 | . 2 . Special . | . . . Kinetic 114 | . 90 24 Thermal . | . . . Explosive 2 | . 2 . Electromagnetic . | . . . Robot Hit Streak 9 | . 9 4 Robot Miss Streak 3 | . 3 2 Penetration Max . | . . . Secondary Targets . | . . . Shots Hit Robots 92 | . 60 32 Core Hits 37 | . 28 9 Critical Kills 1 | . . 1 Critical Parts Destroyed 2 | . . 2 Critical Strikes 3 | . . 3 Smash 3 | . . 3 Melee Attacks 24 | . . 24 Impact 24 | . . 24 Slashing . | . . . Piercing . | . . . Sneak Attacks . | . . . Combat Hostiles . | . . . Follow-up Attacks . | . . . Damage Inflicted 1157 | . 607 550 Guns 626 | . 482 144 Cannons . | . . . Explosions 125 | . 125 . Melee 354 | . . 354 Ramming 52 | . . 52 Kinetic 626 | . 482 144 Thermal . | . . . Explosive 125 | . 125 . Electromagnetic . | . . . Impact 354 | . . 354 Slashing . | . . . Piercing . | . . . Highest Corruption 1 | . . 1 Average Corruption 1 | . . 1 Corruption Purged . | . . . Corruption Blocked . | . . . Effects 1 | . . 1 Message Errors 1 | . . 1 Overload Shots . | . . . Overflow Damage 70 | . . 70 Projectiles . | . . . Explosions . | . . . Melee 70 | . . 70 Knockbacks 2 | . . 2 Impact 2 | . . 2 Kinetic . | . . . Secondary . | . . . Self-Inflicted Damage 80 | . 61 19 Shots 2 | . 2 . Rammed 4 | . . 4 Targets Rammed 10 | . . 10 Kicked 6 | . . 6 Crushed . | . . . Highest Temperature 9 | . 9 8 Average Temperature 8 | . 8 8 Received Heat Transfer 501 | . 144 357 Siege Activations . | . . . Martial Activations . | . . . Shielding Activations . | . . . Robots Disrupted . | . . . Combat Hostiles . | . . . Robots Corrupted 1 | . . 1 Combat Hostiles 1 | . . 1 Parts Fried . | . . . Impact Corruptions 3 | . . 3 Robots Melted . | . . . Combat Hostiles . | . . . Parts Melted . | . . . Heat Transferred . | . . . Parts Sabotaged . | . . . Parts Stolen . | . . . Parts Stripped . | . . . Power Chain Reactions . | . . . Alert | -11 -10 -9 ------- Run | Yrd Mat Mat Maximum Alert Level . | . . . Low Security (%) 100 | 100 100 100 Level 1 . | . . . Level 2 . | . . . Level 3 . | . . . Level 4 . | . . . Level 5 . | . . . High Security . | . . . Max Security . | . . . Peak Influence 79 | . 79 52 Initial . | . . . Average 19 | . 31 11 Influence Increases 415 | . 166 249 Destroy 0b10 Robot/C 200 | . 80 120 Destroy 0b10 Robot/NC 40 | . 40 . Destroy Leader 42 | . 22 20 Successful Hack 4 | . . 4 Disable Machine 60 | . 15 45 Destroy Structure 9 | . 9 . Lose Combat Pursuer 60 | . . 60 Influence Decreases 363 | . 166 197 Time Decay 293 | . 146 147 Lost Part 70 | . 20 50 Squads Dispatched . | . . . Investigation . | . . . Extermination . | . . . Reinforcement . | . . . Assault . | . . . Garrison . | . . . Intercept . | . . . Searches Triggered . | . . . Construction Impeded . | . . . Haulers Reinforced . | . . . Active Scanning Responses . | . . . Cargo Convoy Interrupts . | . . . Stealth | -11 -10 -9 --------- Run | Yrd Mat Mat Distress Signals 2 | . 1 1 Communications Jammed . | . . . Distress Signals . | . . . Times Spotted 32 | . 13 19 Peak Tracking Total 10 | . 4 10 Tactical Retreats 4 | . . 4 Traps | -11 -10 -9 ------- Run | Yrd Mat Mat Traps Triggered . | . . . Indirectly . | . . . Trap Hack Attempts . | . . . Triggered . | . . . Disarmed . | . . . Reprogrammed . | . . . Reused . | . . . Traps Extracted . | . . . Installed . | . . . Triggered . | . . . Machines | -11 -10 -9 ---------- Run | Yrd Mat Mat Machines Disabled 4 | . 1 3 Max in Single Turn 1 | . 1 1 Machines Repaired . | . . . Machines Dismantled . | . . . Machines Sabotaged . | . . . Overloaded Fab Kills . | . . . Hacking | -11 -10 -9 --------- Run | Yrd Mat Mat Machines Accessed 1 | . . 1 Terminals 1 | . . 1 Fabricators . | . . . Repair Stations . | . . . Recycling Units . | . . . Scanalyzers . | . . . Garrison Access . | . . . Total Hacks 1 | . . 1 Successful 1 | . . 1 Failed . | . . . Catastrophic . | . . . Database Lockouts . | . . . Manual 1 | . . 1 Terminals 1 | . . 1 Fabricators . | . . . Repair Stations . | . . . Recycling Units . | . . . Scanalyzers . | . . . Garrison Access . | . . . Terminal Hacks . | . . . Fabricator Hacks . | . . . Repair Station Hacks . | . . . Recycling Unit Hacks . | . . . Scanalyzer . | . . . Garrison Access Hacks . | . . . Unauthorized Hacks 1 | . . 1 Terminals 1 | . . 1 Skim 1 | . . 1 Fabricators . | . . . Repair Stations . | . . . Recycling Units . | . . . Scanalyzers . | . . . Garrison Access . | . . . Data Cores Recovered . | . . . Used . | . . . Hacking Detections . | . . . Full Trace Events . | . . . Feedback Events . | . . . Feedback Blocked . | . . . Robot Schematics Acquired . | . . . Robots Built . | . . . Authchips . | . . . Time . | . . . Total Robot Build Rating . | . . . Part Schematics Acquired . | . . . Parts Built . | . . . Authchips . | . . . Time . | . . . Total Part Build Rating . | . . . Parts Repaired . | . . . Time . | . . . Parts Recycled . | . . . Recycled Matter . | . . . Retrieved Matter . | . . . Retrieved Components . | . . . Parts Scanalyzed . | . . . Part Schematics Acquired . | . . . Parts Damaged . | . . . Bothacking | -11 -10 -9 ------------ Run | Yrd Mat Mat Used RIF Installer . | . . . Robots Hacked . | . . . Non-combat . | . . . Combat . | . . . Robot Hacks Applied . | . . . Relay Couplers Released . | . . . Fabnet Peak Effective % . | . . . Robots Rewired . | . . . Allies Hacked . | . . . Hacks Repelled . | . . . Allies | -11 -10 -9 -------- Run | Yrd Mat Mat Total Allies . | . . . Largest Group . | . . . Highest-Rated Group . | . . . Highest-Rated Ally . | . . . Total Orders . | . . . Ally Attacks . | . . . Total Damage . | . . . Kills . | . . . Allies Corrupted . | . . . Allies Melted . | . . . Intel | -11 -10 -9 ------- Run | Yrd Mat Mat Active Infowar (turns) 434 | . 128 306 T.N.C. 434 | . 128 306 Robot Analysis Total . | . . . Derelict Logs Recovered . | . . . Drone Launches . | . . . Drone Recoveries . | . . . Exploration | -11 -10 -9 ------------- Run | Yrd Mat Mat Turns Passed 999 | 77 420 502 Spaces Moved 455 | 40 118 297 Core 242 | 40 109 93 Treads . | . . . Legs 204 | . . 204 Wheels 9 | . 9 . Hover . | . . . Flight . | . . . Fastest Speed 50 | 50 80 50 Average Speed 143 | 183 198 116 Slowest Speed 300 | 200 250 300 Overloaded Moves . | . . . Propulsion Burnouts . | . . . Robots Hopped . | . . . Potential Cave-ins . | . . . Cave-ins Triggered . | . . . Exploration Rate (%) 17 | 3 26 24 Regions Visited 2 Branch Regions . Pre-discovered Areas . | . . . Known Exits Taken . | . . . Unknown Exits Taken 2 | 1 1 . Scrap Searched . | . . . Spaces Dug . | . . . Terrain Destroyed 10 | . 10 . Melee . | . . . Projectile . | . . . AOE 10 | . 10 . Terrain Rammed . | . . . Walls Destroyed . | . . . Machines Disabled . | . . . Actions | -11 -10 -9 --------- Run | Yrd Mat Mat Total 662 | 43 228 391 Wait 24 | . 11 13 Move 453 | 39 117 297 Hop . | . . . Pick Up 11 | 2 4 5 Fast Attach 16 | 2 3 11 Attach 2 | . 1 1 Detach 3 | . . 3 Swap . | . . . Drop 3 | . . 3 Fire 116 | . 92 24 Melee 24 | . . 24 Ram 4 | . . 4 Kick 6 | . . 6 Crush . | . . . Escape Stasis . | . . . Rewire . | . . . Trap . | . . . Miscellaneous . | . . . Route ------- -11/Scrapyard -10/Materials -9/Materials History --------- Turn | Location | Event 20 | -11/Scrapyard | Discovered new exit (range 15) 78 | -11/Scrapyard | Entered Materials 231 | -10/Materials | Core integrity fell below 50% 313 | -10/Materials | Build established: Mutant 472 | -10/Materials | Discovered new exit (range 14) 498 | -10/Materials | Entered another Materials area 498 | -9/Materials | Evolved 2 slots: Propulsion x2 901 | -9/Materials | Build established: Scavenger-Mutant 929 | -9/Materials | Core integrity fell below 50% 973 | -9/Materials | Core integrity fell below 20% 1000 | -9/Materials | Destroyed by Y-45 Defender with Beam Rifle Last Messages --------------- 00935_ Kicked Y-45 Defender. 00939_ Kicked Y-45 Defender out of the way. 00947_ Aluminum Leg destroyed. 00955_ Slammed into A-02 Transporter. 00955_ Destabilizing: System corrupted (+1). 00956_ W4|M2ZA5VV AJBK/RB HU2KQWQ|CHUFNR 00957_ Slammed into A-02 Transporter. 00958_ Destabilizing: Core damaged (-16). 00976_ Acquired Mace. 00977_ Adv. Weight Redist. System destroyed. 00978_ Y-45 Defender suffers critical hit (Smash). 00978_ Destroyed Heat Sink. 00978_ Y-45 Defender system corrupted by crushing effect. 00980_ Y-45 Defender destroyed. 00988_ Acquired Lgt. Armor Plating. 00993_ C-30 ARC bursts open, deploying its payload. 00993_ G-47 Trooper unfolds itself. 00993_ G-34 Mercenary unfolds itself. 00998_ K-01 Serf collects debris. Map ----- +----------------------------------------------------+ | ?????????????????????????????????????????????????? | | ?????????????????????????????????????????????????? | | ?????????????????????????????????????????????????? | | ?????????????????????????????????????????????????? | | ?????????????????????????????????????????????????? | | ?????????????????????????????????????????????????? | | ?????????????????????????????????????????????????? | | ?????????????????????????????????????????????????? | | ?????????????????????????????????????????????????? | | ?????????????????????????????????????????????????? | | ?????????????????????? ??????????????????????????? | | ??????????????????????/??????????????????????????? | | ?????????????????????? ??????????????????????????? | | ?????????????????????# ??????????????????????????? | | ?????????????????????# #?????????????????????????? | | ???????????????????### ###???????????????????????? | | ????????????????? ?# #???????????????????????? | | ?????????????????? # #???????????????????????? | | ??###########??????+ #???????????????????????? | | ??# #??????# ????????????????????????? | | ??# #??????# ????????????????????????? | | ??# #???????# ########?????????????????? | | ??# #???????# # #?????????????????? | | ??# #???????# g#k "T" #?????????????????? | | ??# #???????+ gY #?????????????????? | | ??# #???????# #@ ///#?????????????????? | | ??# #???????# # =// #?????????????????? | | ######/############## # [[/*#?????????????????? | | ####%###?????????????????? | | #??###???????????????????? | | #??????????????????? #???? | | ##### ####+###########?????????????????? ##??? | | #???# ## #????????????????????????? #??? | | "#???# ## #????????????????????????? #??? | | "%#???# ## #########????????????????? #??? | | "#???# ## + #?????????????????/ #??? | | #???# ## ####### ######??????????? ???? | | #???# ## #????## ## !!#??????????? ##### | | #???# ############## ! !!#??????????? | | #???# % #??????????? | | #???################ **#??????????? | | #??????????????????## ## !!############ | | #???????????????????#%## !!## # | | #??????????????######%####### "" # | | #??????????????#!! ##%####### " " + | | #??????????????#! /## ## # "" # | | #??????????????#! /## ## + # | | #??????????????#! # # """ ### ###### | | #??????????????#!! # # """" #?? #????? | | #??????????????#!! / # """ #???#????? | +----------------------------------------------------+ Best States ------------- Heat Dissipation 28 Energy Generation 14 Energy Capacity 280 Matter Stores 300 Matter Capacity 300 Sight Range 16 Terrain Scan Density 10 Additional Mass Support 9 Armor Coverage 150 Evasion (%) 55 Item Schematics ----------------- None Robot Schematics ------------------ None Fabricated ------------ Nothing Repaired ---------- Nothing Alien Tech Used ----------------- None Achievements -------------- None Challenges ------------ None Game ------ Seed SuperchargedCatalystRail Manual? 0 Play Time 00:06:42 Cumulative 32.3 hours Start 2025.10.13 @ 23:46:52 End 2025.10.13 @ 23:51:05 Sessions 1 Manual Loads 0 Difficulty Rogue Special Mode None Game No. 129 Rogue 129 Adventurer 0 Explorer 0 Win Type - Total 0 Types 0/0/0/0/0/0/0/0/0/0 Lore% 11 Gallery% 31 Achievement% 28 Wizard Run 0 Options --------- Layout 1 ASCII 0 Keyboard 1 Movement Vi Keybinds 0 Fullscreen 1 Font 16/SmallcapsGlow Map View 55x38 Zoom Use 0% Tactical HUD 1 Map Filters NONE Filters NONE Steam 1 RUN: b2b6ef35-87d5-48d1-a79f-9078dc5d5f51